 Dungeon Crawl Stone Soup version 0.31-a0-750-gfe7b580527 (webtiles) character file.

Game seed: 6810036981176330673

117121 Dirtsage the Severer (level 16, -3/189 HPs)
             Began as a Demonspawn Berserker on Sept 14, 2023.
             Was the Champion of Trog.
             Killed from afar by Aizul (8 damage)
             ... with a bolt of poison
             ... on level 1 of the Snake Pit.
             The game lasted 01:03:36 (28504 turns).

Dirtsage the Severer (Demonspawn Berserker)        Turns: 28504, Time: 01:03:36

Health: -3/189     AC: 28    Str: 27    XL:     16   Next: 22%
Magic:  0/16       EV: 12    Int:  9    God:    Trog [******]
Gold:   902        SH: 12    Dex: 13    Spells: 15/15 levels left

rFire   + + .        Z - +3 broad axe (heavy)
rCold   + + .        T - +0 kite shield
rNeg    . . .        Q - +2 plate armour of Giowud {rF+ rC+ Str+2}
rPois   +            P - +2 hat {Will+}
rElec   .            k - +0 cloak
rCorr   .            L - +2 pair of gloves
SInv    .            f - +0 pair of boots
Will    ++...        i - amulet of regeneration Stlth
                     M - ring of flight
HPRegen 1.31/turn    K - ring "Ovoavas" {rPois rF+ rC+}
MPRegen 0.30/turn

%: guardian spirit
@: mighty, agile, berserking, lethally poisoned (-3 -> -4), flying, studying
Ranged Weapons, very quick
A: horns 2, thin metallic scales 2, powered by pain 1, magic shield, magic
regeneration, bedeviling
a: Renounce Religion, Berserk, Trog's Hand, Brothers in Arms


You were on level 1 of the Snake Pit.
You worshipped Trog.
Trog was exalted by your worship.
You visited 4 branches of the dungeon, and saw 23 of its levels.
You also visited: Ossuary and Bailey.

You collected 2744 gold pieces.
You spent 1842 gold pieces at shops.

Inventory:

Hand Weapons
 Z - a +3 heavy broad axe (weapon)
Missiles
 a - 2 curare-tipped darts
 S - 11 throwing nets
Armour
 f - a +0 pair of boots (worn)
 k - a +0 cloak (worn)
 L - a +2 pair of gloves (worn)
 P - a +2 hat of willpower (worn)
 Q - the +2 plate armour of Giowud (worn) {rF+ rC+ Str+2}
   (You bought it in a shop on level 9 of the Dungeon)

   Str+2:     It affects your strength (+2).
   rF+:       It protects you from fire.
   rC+:       It protects you from cold.
 T - a +0 kite shield (worn)
Jewellery
 i - an amulet of regeneration (around neck)
 r - a ring of ice
 C - a ring of resist corrosion
 F - a ring of protection from fire
 I - a ring of protection from cold
 K - the ring "Ovoavas" (right hand) {rPois rF+ rC+}
   (You bought it in a shop on level 2 of the Orcish Mines)

   [ring of protection from cold]

   rF+:       It protects you from fire.
   rC+:       It protects you from cold.
   rPois:     It protects you from poison
 M - a ring of flight (left hand)
Wands
 o - a wand of flame (26)
 v - a wand of quicksilver (6)
 D - a wand of digging (3)
 R - a wand of iceblast (11)
Scrolls
 e - 4 scrolls of noise
 g - 6 scrolls of fear
 p - 3 scrolls of revelation
 t - 10 scrolls of teleportation
 u - 7 scrolls of enchant weapon
 y - 4 scrolls of torment
 z - 4 scrolls of poison
 B - 4 scrolls of blinking
 E - 3 scrolls of enchant armour
 G - a scroll of acquirement {unknown}
 H - 4 scrolls of fog
 N - 2 scrolls of brand weapon
 U - 2 scrolls of summoning
 V - 3 scrolls of vulnerability
 Y - a scroll of immolation
Potions
 b - 4 potions of mutation
 d - 2 potions of cancellation {unknown}
 h - 2 potions of haste
 j - 5 potions of ambrosia {unknown}
 l - 5 potions of heal wounds
 m - 6 potions of enlightenment
 n - 4 potions of resistance
 q - 13 potions of curing
 s - 3 potions of brilliance {unknown}
 w - 6 potions of magic
 x - 4 potions of might {unknown}
 A - 3 potions of invisibility {unknown}
 J - a potion of experience {unknown}
 O - 8 potions of lignification
 W - 3 potions of degeneration {unknown}
Miscellaneous
 c - a phial of floods


   Skills:
 + Level 11.4 Fighting
 - Level 18.0 Axes
 + Level 10.3 Armour
 - Level 1.7 Dodging
 * Level 12.0 Shields
 + Level 10.7 Evocations


You had 15 spell levels left.
You didn't know any spells.
Your spell library contained the following spells:

 Spells                   Type           Power      Damage    Failure   Level
 Apportation              Tloc           0%         N/A       99%         1
 Magic Dart               Conj           0%         1d3       99%         1
 Necrotise                Necr           0%         1d4       99%         1
 Summon Small Mammal      Summ           0%         N/A       99%         1
 Blink                    Tloc           0%         N/A       100%        2
 Poisonous Vapours        Pois/Air       0%         N/A       100%        2
 Scorch                   Fire           0%         2d5       100%        2
 Searing Ray              Conj           0%         2d4       100%        2
 Mephitic Cloud           Conj/Pois/Air  0%         N/A       100%        3
 Tukima's Dance           Hex            0%         N/A       100%        3
 Vampiric Draining        Necr           0%         2d6       100%        3
 Flame Wave               Conj/Fire      0%         2d4       100%        4
 Fulminant Prism          Conj/Hex       0%         3d5       100%        4
 Manifold Assault         Tloc           0%         N/A       100%        4
 Passage of Golubria      Tloc           0%         N/A       100%        4
 Agony                    Necr           0%         N/A       100%        5
 Freezing Cloud           Conj/Ice/Air   0%         6-21      100%        5
 Silence                  Hex/Air        0%         N/A       100%        5
 Yara's Violent Unravell  Hex/Tmut       0%         3d3       100%        5
 Simulacrum               Ice/Necr       0%         N/A       100%        6
 Summon Cactus Giant      Summ           0%         N/A       100%        6
 Lehudib's Crystal Spear  Conj/Erth      0%         10d2      100%        8
 Death's Door             Necr           0%         N/A       100%        9


Dungeon Overview and Level Annotations

Branches:
Dungeon (15/15)            Temple (0/1) D:7            Lair (5/5) D:11
 Shoals (0/4) Lair:3        Snake (1/4) Lair:3        Slime (0/5) Lair:4
    Orc (2/2) D:12            Elf (0/3) Orc:2        Vaults (0/5) D:14
 Depths (0/4) D:15        Ossuary (visited)          Bailey (visited)

Altars:
Ashenzari
Cheibriados
Hepliaklqana
Kikubaaqudgha
Okawaru
Qazlal
Trog
Uskayaw
Wu Jian
Jiyva

Shops:
D:5 :   D:9 [   D:12 :   D:13 *(=!   D:14 (   D:15 (   Orc:2 ([=(

Portals:
Trove: D:12 (give +4 storm dragon scales)

Annotations:
D:4 3 runed translucent doors, shbulbulush's ghost, amateur TrFi
D:5 1 runed translucent door, Crazy Yiuf
Snake:1 Aizul


Innate Abilities, Weirdness & Mutations

You have a pair of horns on your head.
You are mostly covered in thin metallic scales. (AC +3)
You sometimes gain a little power by taking damage.
When hurt, damage is shared between your health and your magic reserves.
You regenerate magic rapidly.
Your hexes are more powerful.


Message History

* * * LOW HITPOINT WARNING * * *
You feel very sick. Aizul hits you but does no damage.
The shock serpent barely misses you.
You take 8 damage, and have 31/189 hp.
You now have 4/16 mp.
You closely miss Aizul. Your headbutt misses Aizul.
Aizul is lightly wounded.
You barely miss the shock serpent.
You feel very sick. You block Aizul's attack.
The shock serpent shoots out a bolt of lightning at you!
The bolt of electricity hits you!
* * * LOW HITPOINT WARNING * * *
You take 12 damage, and have 19/189 hp.
You now have 3/16 mp.
You slice the shock serpent!!
You feel the power of Trog in you as your rage grows.
You kill the shock serpent!
Trog accepts your kill.
You barely miss Aizul.
The air sparks with electricity, shocking you!
* * * LOW HITPOINT WARNING * * *
You feel sick. You block Aizul's attack.
You take 6 damage, and have 13/189 hp.
You miss Aizul.
Aizul is lightly wounded.
You feel very sick. Aizul misses you.
You take 2 damage, and have 11/189 hp.
You slice Aizul!! Your headbutt misses Aizul.
Aizul is moderately wounded.
You feel sick. You block Aizul's attack. Aizul casts a spell at you.
The bolt of poison hits you. You resist.
* * * LOW HITPOINT WARNING * * *
You take 5 damage, and have 6/189 hp.
You now have 2/16 mp.
You barely miss Aizul. You headbutt Aizul.
Aizul is moderately wounded.
You feel sick. Aizul casts a spell at you. The bolt of poison hits you!
You resist.
You die...

#...............
................
................
.......).......#
.##....<......##
###.##.######
#...........##
#.............##
.........@......#
........††S.....#
.............?..#
...............#
......(........#
..............#
........[....##
#.....#.....##


You could see Aizul.

Vanquished Creatures
  Rupert (D:15)
  Gastronok (D:8)
  Snorg (Lair:4)
  A fire dragon (D:15)
  A rakshasa (D:14)
  10 hydras
  5 centaur warriors
  2 vault guards
  A death knight (D:12)
  A catoblepas (Lair:5)
  A deep troll earth mage (D:15)
  8 boulder beetles
  6 two-headed ogres
  3 tengu warriors (D:15)
  14 death yaks
  4 orc high priests
  Urug (Lair:3)
  Nergalle (Lair:3)
  2 shock serpents (Snake:1)
  Amaemon (Lair:1)
  2 skysharks (Lair:5)
  Pikel (D:5)
  2 wizards (D:14)
  5 orc knights
  5 deep elf pyromancers
  7 cyclopes
  5 orc sorcerers
  6 manticores
  A wolf spider (D:12)
  9 ugly things
  16 elephants
  A merfolk siren (Lair:3)
  A naga mage (Snake:1)
  An orange demon (Lair:1)
  7 black mambas
  4 unseen horrors (D:12)
  A torpor snail (Lair:2)
  2 rime drakes
  3 kobold demonologists
  24 cane toads
  2 efreet
  2 tengu conjurers (D:15)
  9 komodo dragons
  4 polar bears
  12 trolls
  3 meliai (D:13)
  2 tyrant leeches (Lair:5)
  A hornet (Lair:2)
  12 dream sheep
  21 blink frogs
  12 slime creatures
  5 wyverns
  4 wraiths
  A vampire (D:12)
  32 yaks
  18 vampire mosquitoes
  Menkaure (D:5)
  13 basilisks
  6 steam dragons
  2 nagas (Lair:3)
  3 wargs
  4 acid dragons
  Duvessa (D:7)
  13 water moccasins
  24 orc warriors
  An ice beast (D:8)
  A sky beast (D:7)
  4 black bears
  33 wolves
  A boggart (D:14)
  14 centaurs
  4 ogres
  3 phantoms
  8 kobold brigands
  18 bullfrogs
  10 gnoll sergeants
  2 scorpions
  8 wights
  Dowan (D:7)
  5 killer bees (D:10)
  4 howler monkeys
  4 electric eels
  6 hounds
  A human zombie (Ossuary)
  4 jellies
  8 gnoll boudas
  14 orc priests
  3 sleepcaps
  Jessica (D:2)
  An iguana (D:6)
  23 orc wizards
  A hell rat (Lair:2)
  3 mummies (Ossuary)
  37 gnolls
  8 adders
  2 ufetubi
  4 adder zombies (Ossuary)
  3 dart slugs
  74 orcs
  8 bats
  5 endoplasms
  4 giant cockroaches
  7 goblins
  9 hobgoblins
  10 jackals
  3 quokkas
  6 ball pythons
  4 frilled lizards
  A gnoll zombie (Ossuary)
  4 goblin zombies (Ossuary)
  2 hobgoblin zombies (Ossuary)
  16 kobolds
  3 kobold zombies (Ossuary)
  A quokka zombie (Ossuary)
  3 rats (D:1)
  2 rat zombies (Ossuary)
777 creatures vanquished.

Notes
Turn   | Place    | Note
-------+----------+-------------------------------------------
     0 | D:1      | Dirtsage the Demonspawn Berserker began the quest for the
                  | Orb.
     0 | D:1      | Reached XP level 1. HP: 18/18 MP: 1/1
    20 | D:1      | Reached skill level 3 in Axes
   113 | D:1      | Gained mutation: You sometimes gain a little power by
                  | taking damage. [demonic ancestry]
   113 | D:1      | Reached XP level 2. HP: 22/24 MP: 2/2
   342 | D:1      | Reached skill level 4 in Axes
   342 | D:1      | Reached XP level 3. HP: 16/29 MP: 3/3
   546 | D:1      | Reached ** piety under Trog
   678 | D:2      | Gained mutation: You regenerate magic rapidly. [demonic
                  | ancestry]
   678 | D:2      | Reached XP level 4. HP: 21/35 MP: 4/4
   878 | D:2      | Noticed Jessica
   901 | D:2      | Killed Jessica
  1051 | D:2      | Reached skill level 5 in Axes
  1524 | D:2      | Gained mutation: When hurt, damage is shared between your
                  | health and your magic reserves. [demonic ancestry]
  1524 | D:2      | Reached XP level 5. HP: 41/41 MP: 5/5
  1777 | D:2      | Found a faded altar of an unknown god.
  1953 | D:3      | Identified the ring "Nelov" {Fire *Slow rPois Int+6 SInv}
  2622 | D:4      | Reached skill level 6 in Axes
  2632 | D:4      | Gained mutation: You have a pair of small horns on your
                  | head. [demonic ancestry]
  2632 | D:4      | Reached XP level 6. HP: 47/47 MP: 3/6
  2733 | D:4      | Found a hazy altar of Hepliaklqana.
  2791 | D:4      | Reached skill level 7 in Axes
  2792 | D:4      | Reached *** piety under Trog
  2846 | D:4      | Found a hide-covered altar of Uskayaw.
  2993 | D:4      | Found a runed translucent gate.
  2993 | D:4      | Found a runed translucent gate.
  2993 | D:4      | Found a runed translucent gate.
  2994 | D:4      | Noticed shbulbulush's ghost (amateur TrFi)
  3085 | D:4      | Reached XP level 7. HP: 50/52 MP: 7/7
  3196 | D:4      | Found an ornate altar of the Wu Jian Council.
  3321 | D:5      | Entered Level 5 of the Dungeon
  3499 | D:5      | Reached skill level 8 in Axes
  3573 | D:5      | Noticed Pikel
  3603 | D:5      | Killed Pikel
  3604 | D:5      | Reached skill level 9 in Axes
  3604 | D:5      | Reached XP level 8. HP: 58/58 MP: 8/8
  3644 | D:5      | Found Kuerin's Book Shop.
  3725 | D:5      | Reached skill level 10 in Axes
  3730 | D:5      | Noticed Menkaure
  3744 | D:5      | Killed Menkaure
  4009 | D:5      | Found a runed translucent door.
  4010 | D:5      | Noticed Crazy Yiuf
  4546 | D:6      | Reached skill level 11 in Axes
  4734 | D:6      | Reached XP level 9. HP: 34/63 MP: 9/9
  4906 | D:6      | Found a sand-covered staircase.
  4911 | Ossuary  | Entered an ossuary
  5141 | Ossuary  | Reached **** piety under Trog
  5725 | D:6      | Got Sif Muna's Collected Works on Pollution and Darkness
  5735 | D:6      | Reached skill level 12 in Axes
  5803 | D:6      | Found a large runed translucent door.
  5804 | D:6      | Found a large runed translucent door.
  6341 | D:6      | Found a bloodstained altar of Trog.
  6347 | D:6      | Found an ancient bone altar of Kikubaaqudgha.
  6486 | D:7      | Found a broken altar of Ashenzari.
  6519 | D:7      | Noticed Duvessa
  6993 | D:7      | Noticed Dowan
  7002 | D:7      | Killed Dowan
  7002 | D:7      | Killed Duvessa
  7003 | D:7      | Reached skill level 13 in Axes
  7275 | D:7      | Found a staircase to the Ecumenical Temple.
  7658 | D:8      | Found a flagged portal.
  7699 | Bailey   | Entered a bailey
  7708 | Bailey   | Gained mutation: You are partially covered in thin metallic
                  | scales. (AC +2) [demonic ancestry]
  7708 | Bailey   | Reached XP level 10. HP: 59/70 MP: 7/10
  7806 | Bailey   | Reached skill level 1 in Evocations
  8928 | Bailey   | Reached ***** piety under Trog
  9359 | D:8      | Noticed Gastronok
  9825 | D:8      | Killed Gastronok
 10182 | D:9      | Reached skill level 14 in Axes
 10389 | D:9      | Reached skill level 5 in Fighting
 10600 | D:9      | Gained mutation: You have a pair of horns on your head.
                  | [demonic ancestry]
 10600 | D:9      | Reached XP level 11. HP: 80/80 MP: 11/11
 10743 | D:9      | Found Vobriugi's Antique Armour Shoppe.
 10748 | D:9      | Bought a faintly humming plate armour for 756 gold pieces
 10748 | D:9      | Identified the +2 plate armour of Giowud {rF+ rC+ Str+2}
                  | (You bought it in a shop on level 9 of the Dungeon)
 10769 | D:9      | Found an iron altar of Okawaru.
 11034 | D:10     | Entered Level 10 of the Dungeon
 11211 | D:10     | Noticed a two-headed ogre
 11216 | D:10     | Killed a two-headed ogre
 11479 | D:10     | Reached skill level 5 in Armour
 11486 | D:10     | Reached skill level 5 in Evocations
 11716 | D:10     | Noticed a two-headed ogre
 11721 | D:10     | Killed a two-headed ogre
 12483 | D:11     | Noticed a two-headed ogre
 12492 | D:11     | Killed a two-headed ogre
 12493 | D:11     | Reached skill level 1 in Shields
 12654 | D:11     | Noticed a two-headed ogre
 12666 | D:11     | Killed a two-headed ogre
 12702 | D:11     | Reached skill level 15 in Axes
 12760 | D:11     | Found a staircase to the Lair.
 12766 | D:11     | Found a stormy altar of Qazlal.
 13463 | Lair:1   | Entered Level 1 of the Lair of Beasts
 13500 | Lair:1   | Reached XP level 12. HP: 71/89 MP: 9/12
 13792 | Lair:1   | Noticed Amaemon
 13808 | Lair:1   | Killed Amaemon
 14449 | Lair:1   | You are sucked into a shaft and drop 1 floor!
 14537 | Lair:2   | Noticed a death yak
 14558 | Lair:2   | Killed a death yak
 14558 | Lair:2   | Noticed a death yak
 14559 | Lair:2   | Reached skill level 5 in Shields
 14561 | Lair:2   | Noticed a death yak
 14573 | Lair:2   | Killed a death yak
 14577 | Lair:2   | Killed a death yak
 15579 | Lair:2   | Gained mutation: You are mostly covered in thin metallic
                  | scales. (AC +3) [demonic ancestry]
 15579 | Lair:2   | Reached XP level 13. HP: 85/98 MP: 11/13
 15721 | Lair:2   | Reached skill level 16 in Axes
 16564 | Lair:3   | Found a staircase to the Snake Pit.
 16812 | Lair:3   | Received a gift from Trog
 16912 | Lair:3   | Noticed Nergalle
 16927 | Lair:3   | Killed Nergalle
 17416 | Lair:3   | Noticed Urug
 17427 | Lair:3   | Killed Urug
 17659 | Lair:3   | Found a staircase to the Shoals.
 17936 | Lair:4   | Found a viscous altar of Jiyva.
 18606 | Lair:4   | Noticed Snorg
 18634 | Lair:4   | Killed Snorg
 18635 | Lair:4   | Reached XP level 14. HP: 75/108 MP: 6/14
 18686 | Lair:4   | Found a staircase to the Slime Pits.
 19191 | Lair:5   | Entered Level 5 of the Lair of Beasts
 19639 | Lair:4   | Received a gift from Trog
 20087 | Lair:5   | Reached skill level 17 in Axes
 20658 | Lair:5   | Identified the amulet "Qorur" {Acrobat Harm}
 21937 | D:12     | Found a staircase to the Orcish Mines.
 21945 | D:12     | Reached skill level 10 in Fighting
 22521 | D:12     | Found Xoeruakh's Book Emporium.
 22739 | D:12     | Found a portal to a secret trove of treasure.
 22835 | D:12     | Received a gift from Trog
 22836 | D:12     | Reached XP level 15. HP: 115/115 MP: 15/15
 23039 | D:12     | Reached skill level 10 in Shields
 23578 | Orc:1    | Entered Level 1 of the Orcish Mines
 23975 | Orc:2    | Entered Level 2 of the Orcish Mines
 24009 | Orc:2    | Reached ****** piety under Trog
 24017 | Orc:2    | Received a gift from Trog
 25247 | Orc:2    | Found a staircase to the Elven Halls.
 25782 | Orc:2    | Found Eddurreo's Weapon Emporium.
 25787 | Orc:2    | Found Fuvid's Jewellery Shop.
 25795 | Orc:2    | Bought the ring "Ovoavas" {rPois rF+ rC+} for 518 gold
                  | pieces
 25795 | Orc:2    | Bought an amulet of regeneration for 360 gold pieces
 25813 | Orc:2    | Found Elasm's Armour Shop.
 25815 | Orc:2    | Found Qosar's Weapon Emporium.
 26008 | D:13     | Received a gift from Trog
 26029 | D:13     | Found Bougg's Distillery.
 26037 | D:13     | Bought a potion of lignification for 48 gold pieces
 26037 | D:13     | Bought a potion of haste for 160 gold pieces
 26090 | D:13     | Reached skill level 10 in Evocations
 26176 | D:13     | Reached skill level 18 in Axes
 26202 | D:13     | Found Weghatuix's Antique Weapon Shoppe.
 26302 | D:13     | Found Fabeuff's Jewellery Shop.
 26359 | D:13     | Found Vikado's General Store.
 27199 | D:14     | Found Bilashec's Antique Weapon Shop.
 27296 | D:14     | Found a gate to the Vaults.
 27341 | D:15     | Entered Level 15 of the Dungeon
 27364 | D:15     | Found a snail-covered altar of Cheibriados.
 27393 | D:15     | Found Iqilay's Weapon Emporium.
 27487 | D:15     | Reached skill level 10 in Armour
 27518 | D:14     | Gained mutation: Your hexes are more powerful. [demonic
                  | ancestry]
 27518 | D:14     | Reached XP level 16. HP: 60/125 MP: 12/16
 27652 | D:15     | Noticed Rupert
 27666 | D:15     | Paralysed by Rupert for 2 turns
 27675 | D:15     | Killed Rupert
 28251 | D:15     | Found a staircase to the Depths.
 28471 | Snake:1  | Entered Level 1 of the Snake Pit
 28488 | Snake:1  | Noticed Aizul
 28503 | Snake:1  | HP: 6/189 [Aizul/bolt of poison (4)]
 28504 | Snake:1  | Killed from afar by Aizul

Illustrated notes

Levels and vault maps discovered:
D:1:      lightli_molten_gateway, layout_rooms
D:2:      layout_basic, dilly_ecumenical_altar_fadedgnrine, uniq_jessica
D:3:      layout_loops_ring
D:4:      layout_rooms, mainiacjoe_overflow_boulevard,
          pdpol_wu_jian_five_deadly_venoms, amcnicky_altar_gilded,
          gammafunk_ghost_nasty_kobolds
D:5:      layout_loops_cross, serial_shops, nicolae_book_shop_shelving,
          uniq_menkaure, uniq_crazy_yiuf_cottage, uniq_pikel
D:6:      layout_basic, jmf_multi_god_temple2, enter_ossuary_2,
          nicolae_elevator_lobby_plus
D:7:      layout_cave_pools, mainiacjoe_overflow_alcove_4,
          nicolae_elyvilon_peaceful_grove, minmay_temple_entry_from_below_a,
          grunt_ministairs_9, uniq_duvessa
D:8:      layout_basic, enter_bailey_2, uniq_gastronok
D:9:      layout_loops_cross, okawaru_ov_weapons_minmay, serial_shops, shop
D:10:     layout_long_grid, nicolae_titane
D:11:     layout_roguey, lair_entry_dummy, grunt_qazlal_sundering
D:12:     minmay_the_grid_3x3 [minmay_the_grid_outer_diamond,
          minmay_the_grid_embedded, minmay_the_grid_odd_star,
          minmay_the_grid_garden, minmay_the_grid_zigzag_pyramid,
          minmay_the_grid_fan, minmay_the_grid_small_cups,
          minmay_the_grid_plusring, minmay_the_grid_prize_big_room],
          layout_long_grid, serial_shops, shop, enter_trove_5
D:13:     layout_long_grid, serial_shops, nicolae_shop_hallway_stairs,
          shop_coins, nicolae_shop_advertising_works
          [nicolae_subvault_shop_adworks], shop
D:14:     layout_basic, david_vaults_5, minmay_stone_trees_small, serial_shops,
          nicolae_shop_hallway_plus
D:15:     hellmonk_depths_entry_around_the_bend, layout_stronghold,
          cheibriados_altar_1, serial_shops, shop, uniq_rupert
Lair:1:   layout_cave_pods, uniq_amaemon
Lair:2:   layout_chaotic_city, nicolae_lair_lakeside_cave, serial_bayou_shore_b,
          grunt_megastairs_5, infiniplex_staircase_pool_2
Lair:3:   layout_regular_city, elwin_shoals_entry_rooms,
          guppyfry_snake_entry_garden, serial_bayou, serial_bayou_lake_a,
          serial_bayou_pond_a, serial_bayou_pond_c, serial_bayou_pond_e,
          serial_bayou_shore_b, uniq_urug, uniq_nergalle
Lair:4:   layout_loops_ring, slime_entry_1, serial_bayou_shore_b,
          infiniplex_staircase_pool, lemuel_fruit_tree, uniq_snorg
Lair:5:   minmay_lair_end_frog_pond, layout_hall_layers
Snake:1:  layout_rooms, uniq_frances, uniq_aizul, uniq_louise
Orc:1:    layout_caves
Orc:2:    st_orc_elflike, layout_diamond_mine, mines1_david

Skill      XL: |  1  2  3  4  5  6  7  8  9 10 11 12 13 14 15 16 |
---------------+-------------------------------------------------+-----
Axes           | 3 4 5 6 7 9 11 13 14 15 16 17 18 | 18.0
Armour         | 2 4 5 6 8 9 10 | 10.3
Evocations     | 4 5 7 8 9 10 | 10.7
Fighting       | 5 6 7 9 10 11 | 11.4
Shields        | 2 5 8 9 11 12 | 12.0
Dodging        | |  1.7

Action                     |  1- 3 |  4- 6 |  7- 9 | 10-12 | 13-15 | 16-18 || total
---------------------------+-------+-------+-------+-------+-------+-------++-------
  Melee: Hand axe          |   119 |   198 |   260 |       |       |       ||   577
         Punch             |     1 |     4 |     4 |       |       |       ||     9
         Headbutt          |       |    11 |    78 |   130 |   231 |    16 ||   466
         War axe           |       |       |    82 |   282 |   584 |       ||   948
         Battleaxe         |       |       |    44 |   268 |       |       ||   312
         Morningstar       |       |       |       |       |    42 |       ||    42
         Broad axe         |       |       |       |       |   443 |    89 ||   532
  Throw: Dart              |       |       |       |     2 |       |     1 ||     3
 Invoke: Berserk           |     2 |     5 |     6 |     5 |    14 |     3 ||    35
         Trog's Hand       |       |       |       |     2 |       |       ||     2
    Use: Scroll            |       |       |     7 |     7 |     7 |     1 ||    22
         Potion            |       |       |       |     1 |       |       ||     1
   Stab: Distracted        |     1 |       |       |       |       |       ||     1
         Sleeping          |     1 |       |       |       |       |       ||     1
         Petrified         |       |       |       |       |     2 |       ||     2
 Armour: Animal skin       |    75 |     1 |       |       |       |       ||    76
         Ring mail         |       |   124 |   203 |       |       |       ||   327
         Steam dragon scal |       |       |    34 |   203 |       |       ||   237
         Plate armour      |       |       |       |   284 |  1160 |   180 ||  1624
  Dodge: Dodged            |    88 |   105 |   191 |   240 |   357 |    42 ||  1023
  Block: Kite shield       |       |       |       |    94 |   584 |    89 ||   767

Table legend: (Time is in decaauts)
 A = Elapsed time spent in this place.
 B = Non-inter-level travel time spent in this place.
 C = Inter-level travel time spent in this place.
 D = Time resting spent in this place.
 E = Time spent auto-exploring this place.
 F = Levels seen in this place.
 G = Mean time per level.
                   A        B        C        D        E       F      G
               +--------+--------+--------+--------+--------+-----+--------+
         Total |  28704 |  27046 |   1658 |   3342 |  18389 |  25 | 1148.2 |
       Dungeon |  15952 |  14692 |   1260 |    536 |  11330 |  15 | 1063.5 |
          Lair |   8419 |   8083 |    336 |   1023 |   5590 |   5 | 1683.8 |
     Snake Pit |     30 |     30 |      0 |      0 |     13 |   1 |   30.0 |
  Orcish Mines |   2392 |   2331 |     61 |    950 |    999 |   2 | 1196.0 |
       Ossuary |    296 |    296 |      0 |    153 |     73 |   1 |  296.0 |
        Bailey |   1613 |   1613 |      0 |    678 |    384 |   1 | 1613.0 |
               +--------+--------+--------+--------+--------+-----+--------+

Top non-repeatable levels by time:
     D:6: 1992 daAuts
  Lair:4: 1986 daAuts
  Lair:5: 1954 daAuts
    D:12: 1821 daAuts
  Lair:2: 1780 daAuts
   Orc:1: 1625 daAuts
  Bailey: 1613 daAuts
  Lair:1: 1366 daAuts
  Lair:3: 1331 daAuts
     D:2: 1282 daAuts
     D:8: 1218 daAuts
     D:5: 1142 daAuts
    D:10: 1126 daAuts
     D:9: 1046 daAuts
    D:11: 1008 daAuts
